Map: Newkirk Precinct TE (Void)

Players

Elroye - Winner!

  • Race: Zerg Zerg
  • Spawn Location: 5:00

NWDragon (Dragon)

  • Race: Terran Terran
  • Spawn Location: 7:00

Event: IEM XI Katowice - World Championship 2017

VOD

Have the link to the VOD?

Description

Time

  • Played on: Feb. 27, 2017, 5:08 a.m.
  • Length: 7:14

All games in this series

Show
View Real Time Build Order
Export as new Build Order

Elroye Zerg - Winner!

Build Orders: Hatch First 

Get SALT Encoding   

  12  0:01  Drone  
  13  0:13  Overlord  
  13  0:18  Drone  
  14  0:31  Drone x2  
  14  0:35  Drone  
  17  0:53  Hatchery  
  17  0:56  Drone  
  17  0:59  Drone  
  17  1:04  Extractor  
  17  1:15  Spawning Pool  
  16  1:20  Drone  
  16  1:22  Drone  
  18  1:33  Drone  
  19  1:42  Overlord  
  19  2:02  Queen  
  19  2:03  Zergling x4  
  19  2:05  Metabolic Boost  
  23  2:09  Drone  
  23  2:10  Queen  
  23  2:14  Drone  
  27  2:18  Drone  
  27  2:22  Drone  
  29  2:27  Drone  
  30  2:34  Drone  
  31  2:38  Overlord  
  31  2:40  Queen  
  33  2:49  Queen  
  33  2:50  Drone  
  36  3:05  Drone  
  36  3:06  Drone  
  36  3:08  Drone x2  
  36  3:12  Drone  
  41  3:14  Overlord  
  41  3:15  Drone x2  
  41  3:17  Drone  
  44  3:34  Hatchery  
  44  3:35  Drone  
  44  3:36  Drone x3  
  46  3:48  Overlord  
  46  3:50  Drone x3  
  46  3:51  Drone x2  
  46  3:52  Extractor  
  50  3:56  Roach Warren  
  50  3:59  Lair  
  49  4:05  Zergling x2, Drone x2  
  49  4:07  Overlord  
  52  4:10  Extractor  
  52  4:11  Drone x2  
  52  4:13  Drone  
  54  4:21  Evolution Chamber x2, Drone  
  54  4:24  Drone  
  54  4:25  Drone x2  
  54  4:26  Drone  
  57  4:43  Spore Crawler  
  57  4:44  Spore Crawler  
  55  4:47  Zerg Missile Weapons Level 1  
  55  4:48  Zerg Ground Armor Level 1  
  55  4:49  Queen  
  55  4:52  Spore Crawler  
  56  4:53  Roach  
  56  4:59  Glial Reconstitution  
  58  5:00  Drone x4  
  58  5:01  Drone  
  58  5:05  Roach  
  65  5:08  Overlord  
  65  5:09  Overlord  
  65  5:10  Zergling x2  
  66  5:24  Overlord  
  66  5:27  Roach x6  
  66  5:28  Roach  
  80  5:29  Roach  
  82  5:37  Overlord x2  
  82  5:39  Overseer  
  82  5:52  Overlord x2  
  82  5:55  Queen x2  
  86  6:02  Roach x3  
  86  6:03  Roach x3  
  90  6:12  Roach x5  
  90  6:18  Roach x3  
  106  6:22  Roach  
  108  6:26  Roach  
  109  6:34  Roach  
  109  6:35  Roach x2  
  109  6:39  Overlord x4  
  114  6:50  Overlord  
Show
View Real Time Build Order
Export as new Build Order

NWDragon Terran 

Build Orders: Hellion Banshee 

Get SALT Encoding   

  12  0:00  SCV  
  13  0:12  SCV  
  14  0:17  Supply Depot  
  14  0:25  SCV  
  15  0:29  Refinery  
  15  0:39  SCV  
  16  0:47  Barracks  
  16  0:51  SCV  
  17  1:04  SCV  
  18  1:16  SCV  
  19  1:24  Refinery  
  19  1:28  SCV  
  20  1:35  Reaper  
  20  1:36  Supply Depot  
  21  1:40  Orbital Command  
  21  1:56  Factory  
  21  2:06  SCV  
  22  2:10  Barracks Reactor  
  22  2:18  SCV  
  23  2:32  Command Center  
  23  2:37  SCV  
  24  2:49  SCV  
  25  2:55  Starport  
  25  2:56  Barracks Tech Lab  
  25  3:01  SCV  
  25  3:09  Hellion x2  
  25  3:12  Supply Depot  
  29  3:19  SCV  
  30  3:23  Marine  
  31  3:33  Hellion x2  
  35  3:43  Marine, Supply Depot  
  35  3:46  Orbital Command  
  36  3:49  SCV  
  37  4:01  Banshee  
  37  4:02  Cloaking Field, Orbital Command  
  40  4:08  Hellion  
  42  4:22  Marine  
  43  4:28  SCV x2  
  45  4:35  Armory, Hellion  
  49  4:38  Hellion  
  49  4:41  SCV  
  50  4:47  Supply Depot  
  50  4:48  Banshee  
  53  4:55  SCV  
  53  4:56  Supply Depot  
  53  4:58  SCV  
  55  5:04  Marine  
  58  5:07  SCV, Hellion  
  59  5:22  Marine  
  59  5:25  SCV  
  61  5:30  Supply Depot  
  61  5:32  Supply Depot, Banshee  
  61  5:33  Hellion  
  61  5:34  Supply Depot, Hellion  
  68  5:37  SCV  
  69  5:45  Barracks Tech Lab  
  69  5:48  SCV  
  68  6:11  Marine  
  51  6:12  SCV  
  51  6:13  SCV  
  54  6:23  Barracks x2  
  54  6:25  Supply Depot, SCV, Barracks  
  51  6:34  Bunker  
  51  6:37  SCV x2  
  51  6:39  Marauder  
  55  6:41  Siege Tank, Medivac x2  
  62  6:49  SCV  

Tags
 
Add a new tag
Caveats
  • Supply blocks, unpowered buildings, or Contaminate may cause inaccurate times.
  • Supply counts are checked every 10 seconds.